 Dungeon Sprint DCSS version 0.24-a0-244-ga6a6ab7 (webtiles) character file.

Game seed: 337171310170889034

36358 MikeHunt the Unseen (level 13, -9/199 HPs)
             Began as a Naga Assassin on Apr 10, 2019.
             Was an Initiate of Gozag.
             Mangled by a large abomination (21 damage)
             ... led by Kicaczare
             ... in the Dungeon (Sprint IV: "Fedhas' Mad Dash").
             The game lasted 00:40:01 (8299 turns).

MikeHunt the Unseen (Naga Assassin)                 Turns: 8299, Time: 00:40:02

Health: -9/199     AC: 23    Str: 21    XL:     13   Next: 89%
Magic:  23/23      EV: 17    Int: 11    God:    Gozag
Gold:   79         SH: 26    Dex: 16    Spells: 12/12 levels left

rFire    . . .     SeeInvis +   a - +9 short sword "Ommakel" {flame, +Inv}
rCold    . . .     Gourm    .   h - +2 large shield {AC+3}
rNeg     + . .     Faith    .   N - +5 faerie dragon scales {rN+ rCorr}
rPois    +         Spirit   .   r - +2 hat
rElec    .         Reflect  +   d - +0 cloak
rCorr    +         Harm     .   i - +0 pair of gloves
MR       +....     NoTele   +   (no barding)
Stlth    ..........             L - +4 amulet of reflection
HPRegen  0.43/turn              s - ring of flight
MPRegen  0.18/turn              K - +5 ring of slaying

@: berserking, gold aura, hasted, quick
A: large, see invisible, deformed body, poison resistance, slowness 2, slow
metabolism 1, spit poison 1, constrict 1, AC +4
0: Orb of Zot
a: Spit Poison, Potion Petition, Call Merchant, Bribe Branch, Renounce Religion,
Evoke Invisibility, Evoke Flight


You were in the Dungeon.
You worshipped Gozag.
Gozag was noncommittal.
You were not hungry.

You visited 1 branch You collected 6469 gold pieces.
You spent 5832 gold pieces at shops.
You paid 558 gold pieces to Gozag.

Inventory:

Hand Weapons
 a - the +9 short sword "Ommakel" (weapon) {flame, +Inv}
   (You bought it in a shop in the Dungeon)

   It has been specially enchanted to burn those struck by it, causing extra
   injury to most foes and up to half again as much damage against particularly
   susceptible opponents.
   It lets you turn invisible.
 b - a +0 blowgun
 v - the +2 mace of Rareidd {pain, +Inv rElec rF++ rN+}
   (You found it in the Dungeon)

   In the hands of one skilled in necromantic magic, it inflicts extra damage on
   living creatures.
   It greatly protects you from fire.
   It insulates you from electricity.
   It protects you from negative energy.
   It lets you turn invisible.
 D - the +8 storm bow {elec, penet}
   (You took it off a spriggan rider in the Dungeon)

   It charges the ammunition it shoots with electricity; occasionally upon a
   hit, such missiles may discharge and cause terrible harm.
 J - a +1 vampiric lajatang {!w}
 M - a +1 rapier of draining
Missiles
 e - 7 poisoned needles
 f - 2 curare-tipped needles
 E - 33 arrows
Armour
 c - a +0 robe
 d - a +0 cloak (worn)
 h - a +2 large shield of protection (worn)
 i - a +0 pair of gloves (worn)
 p - a +0 buckler
 r - a +2 hat (worn)
 t - a +2 robe of magic resistance
 w - the +6 scale mail of Oggoghaj {rC+ Slay+3}
   (You bought it in a shop in the Dungeon)

   It affects your accuracy and damage with ranged weapons and melee attacks
   (+3).
   It protects you from cold.
 B - the +1 scale mail "Eklav" {rElec rPois Int+2 Dex-2}
   (You found it in the Dungeon)

   It affects your intelligence (+2).
   It affects your dexterity (-2).
   It insulates you from electricity.
   It protects you from poison.
 N - the +5 faerie dragon scales (worn) {rN+ rCorr}
   (You took it off the Enchantress in the Dungeon)

   It protects you from negative energy.
   It provides partial protection from all sources of acid and corrosion.
 P - a +1 hat
Jewellery
 n - the amulet of invisibility {+Inv}
   (You found it in the Dungeon)

   [amulet of nothing]

   It lets you turn invisible.
 s - a ring of flight (left hand)
 H - the amulet of Ibrir {Inacc rF+ rC+ Int+3}
   (You found it in the Dungeon)

   [amulet of inaccuracy]

   It reduces the accuracy of all your attacks.
   It affects your intelligence (+3).
   It protects you from fire.
   It protects you from cold.
 K - a +5 ring of slaying (right hand)
 L - a +4 amulet of reflection (around neck)
Wands
 F - a wand of clouds (5)
 G - a wand of iceblast (7)
Scrolls
 m - 2 scrolls of blinking
 u - a scroll of enchant armour {unknown}
Potions
 g - a potion of curing
 k - 2 potions of magic
 l - a potion of degeneration
 o - a potion of flight
 A - a potion of lignification
Miscellaneous
 x - a lightning rod (4/4)
 y - a phial of floods (inert)
Comestibles
 q - a ration


   Skills:
 + Level 13.1 Fighting
 - Level 12.0 Short Blades
 - Level 9.9 Maces & Flails
 - Level 2.4 Throwing
 + Level 10.4 Armour
 + Level 12.1 Dodging
 - Level 16.0 Stealth
 - Level 15.0 Shields
 - Level 14.4 Evocations


You had 12 spell levels left.
You didn't know any spells.
Your spell library contained the following spells:

 Spells                   Type           Power        Failure   Level  Hunger
 Animate Skeleton         Necr           N/A          41%         1    ##.....
 Apportation              Tloc           #.....       41%         1    ##.....
 Confusing Touch          Hex            #.....       41%         1    ##.....
 Freeze                   Ice            #...         41%         1    ##.....
 Summon Small Mammal      Summ           #...         41%         1    ##.....
 Leda's Liquefaction      Hex/Erth       #.........   99%         4    #####..
 Bolt of Magma            Conj/Fire/Erth #.........   100%        5    ######.
 Borgnjor's Vile Clutch   Necr/Erth      #.........   100%        5    ######.
 Lee's Rapid Deconstruct  Erth           #.........   100%        5    ######.


Dungeon Overview and Level Annotations

Branches:
Dungeon (1/1)

Altars:
Cheibriados
Dithmenos
Elyvilon
Gozag
Hepliaklqana
Kikubaaqudgha
Makhleb
Nemelex Xobeh
Okawaru
Qazlal
Ru
Sif Muna
Trog
Uskayaw
Vehumet
Wu Jian
Xom
Yredelemnul
Zin
The Shining One
Beogh
Jiyva
Lugonu

Shops:
D [((*=*=*(*[(=[[=(}[?(


Innate Abilities, Weirdness & Mutations

You cannot wear boots.
Your serpentine skin is tough. (AC +4)
You have supernaturally acute eyesight. (SInv)
Armour fits poorly on your strangely shaped body.
Your system is resistant to poisons. (rPois)
You cover ground very slowly.
You have a slow metabolism.
You can spit poison.
You can use your snake-like lower body to constrict enemies.


Message History

* * * LOW HITPOINT WARNING * * *
You feel a strange sense of stasis. The small abomination misses you.
You hit Kicaczare but do no damage.
Kicaczare is moderately wounded.
You constrict Kicaczare, but do no damage.
You impale Kicaczare!! You burn Kicaczare!
Kicaczare is heavily wounded.
You constrict Kicaczare. You block Kicaczare's attack.
You block the large abomination's attack.
Your water elemental hits the small abomination.
The small abomination hits you but does no damage.
You hit Kicaczare but do no damage.
Kicaczare is heavily wounded.
You constrict Kicaczare. You block Kicaczare's attack.
You puncture Kicaczare! You burn Kicaczare!
Kicaczare is heavily wounded.
You constrict Kicaczare, but do no damage.
The large abomination hits you!!
You die...
Your body crumbles into a pile of gold.

.....#####∩∩∩#............#######
#################################
.♣..♣..♣..♣..♣..♣..♣.)♣..♣..♣..♣)
................)....)........[).
.♣.)♣..♣..♣..♣..♣..♣..♣..♣..♣..♣.
#################################
####.....#####....######......###
.................X≈≈≈≈.....).....
................@&≈≈≈≈.$#######..
.).............).xE≈≈≈..........)
#####.....####...≈######......###
####### ###### ########


You could see Kicaczare, a large abomination, a small abomination and a friendly
water elemental.

Vanquished Creatures
  the Enchantress (D)
  Agnes (D)
  2 ghost moths (D)
  6 spriggan defenders (D)
  5 spriggan berserkers (D)
  A sixfirhy (D)
  4 spriggan druids (D)
  25 oklob plants (D)
  3 moths of wrath (D)
  4 demonic crawlers (D)
  3 burning bushes (D)
  3 wandering mushrooms (D)
  2 queen bees (D)
  10 hornets (D)
  2 scorpions (D)
  4 killer bees (D)
  5 oklob saplings (D)
  2 worker ants (D)
  11 spriggans (D)
  A river rat (D)
  A rat (D)
  6 ballistomycetes (D)
  A ballistomycete spore (D)
  A bush (D)
104 creatures vanquished.

Vanquished Creatures (others)
  A ballistomycete (D)
  2 ballistomycete spores (D)
  A bush (D)
  A fungus (D)
5 creatures vanquished.

Grand Total: 109 creatures vanquished

Notes
Turn   | Place    | Note
-------+----------+-------------------------------------------
     0 | D        | MikeHunt the Naga Assassin began the quest for the Orb.
     0 | D        | Reached XP level 1. HP: 19/19 MP: 1/1
     9 | D        | Reached skill level 1 in Dodging
     9 | D        | Reached skill level 6 in Stealth
     9 | D        | Reached XP level 2. HP: 27/27 MP: 2/2
    22 | D        | Noticed an oklob sapling
    23 | D        | Killed an oklob sapling
    23 | D        | Reached skill level 8 in Stealth
    23 | D        | Reached XP level 3. HP: 33/33 MP: 3/3
    26 | D        | Found the amulet of invisibility {+Inv}
    27 | D        | Reached skill level 5 in Short Blades
    27 | D        | Reached skill level 9 in Stealth
    27 | D        | Reached XP level 4. HP: 40/40 MP: 4/4
    45 | D        | Found an opulent altar of Gozag.
    45 | D        | Found a hazy altar of Hepliaklqana.
    45 | D        | Found a burning altar of Makhleb.
    45 | D        | Found a sparkling altar of Nemelex Xobeh.
    45 | D        | Found a sacrificial altar of Ru.
    45 | D        | Found a deep blue altar of Sif Muna.
    45 | D        | Found an ornate altar of the Wu Jian Council.
    45 | D        | Found a shimmering altar of Xom.
    45 | D        | Found a basalt altar of Yredelemnul.
    46 | D        | Found a viscous altar of Jiyva.
    46 | D        | Found a roughly hewn altar of Beogh.
    46 | D        | Found a snail-covered altar of Cheibriados.
    46 | D        | Found a bloodstained altar of Trog.
    46 | D        | Noticed an oklob sapling priest
    47 | D        | Found an iron altar of Okawaru.
    47 | D        | Found a shadowy altar of Dithmenos.
    47 | D        | Found a glowing silver altar of Zin.
    48 | D        | Found an ancient bone altar of Kikubaaqudgha.
    48 | D        | Found a hide-covered altar of Uskayaw.
    49 | D        | Found a stormy altar of Qazlal.
    49 | D        | Found a white marble altar of Elyvilon.
    49 | D        | Found a glowing golden altar of the Shining One.
    50 | D        | Became a worshipper of Gozag Ym Sagoz the Greedy
    51 | D        | Found a radiant altar of Vehumet.
    51 | D        | Found a corrupted altar of Lugonu.
    54 | D        | Killed an oklob sapling priest
    54 | D        | Reached skill level 12 in Stealth
   176 | D        | Reached skill level 13 in Stealth
   176 | D        | Reached XP level 5. HP: 46/46 MP: 2/5
   182 | D        | Reached skill level 14 in Stealth
   183 | D        | Reached skill level 15 in Stealth
   185 | D        | Reached skill level 16 in Stealth
   185 | D        | Reached XP level 6. HP: 55/55 MP: 3/6
   326 | D        | Found Bishi's Antique Armour Shop.
   326 | D        | Found Vuatuoss's Armour Emporium.
   330 | D        | Noticed a burning bush
   330 | D        | Noticed a wandering mushroom
   331 | D        | Noticed a wandering mushroom
   333 | D        | Killed a wandering mushroom
   333 | D        | Reached XP level 7. HP: 66/66 MP: 5/9
   335 | D        | Killed a wandering mushroom
   335 | D        | Reached skill level 5 in Dodging
   335 | D        | Reached skill level 5 in Evocations
   342 | D        | HP: 3/70 [burning bush/puff of flame (14)]
   559 | D        | Bought a +0 pair of gloves for 49 gold pieces
   565 | D        | Bought a glowing hat for 154 gold pieces
   609 | D        | Noticed a queen bee
   617 | D        | Reached XP level 8. HP: 80/80 MP: 9/12
   620 | D        | Killed a queen bee
   764 | D        | Noticed an oklob plant
   767 | D        | Killed an oklob plant
   781 | D        | Noticed a burning bush
   784 | D        | Killed a burning bush
   784 | D        | Reached XP level 9. HP: 91/91 MP: 15/15
   900 | D        | Noticed a burning bush
   900 | D        | Noticed an oklob plant
   901 | D        | Noticed a wandering mushroom
   902 | D        | Killed a burning bush
   907 | D        | Killed an oklob plant
   907 | D        | Reached skill level 10 in Fighting
   911 | D        | Killed a wandering mushroom
   911 | D        | Reached skill level 10 in Evocations
   914 | D        | Identified the Volume of the Earthen Glacier
  1142 | D        | Noticed a spriggan druid
  1156 | D        | Killed a spriggan druid
  1164 | D        | Noticed a hornet
  1165 | D        | Killed a hornet
  1165 | D        | Reached XP level 10. HP: 51/105 MP: 18/18
  1170 | D        | Noticed a moth of wrath
  1360 | D        | Killed a moth of wrath
  1429 | D        | Noticed an oklob plant conjurer
  1430 | D        | Killed an oklob plant conjurer
  1499 | D        | Noticed an oklob plant
  1504 | D        | Noticed an oklob plant shifter
  1504 | D        | Noticed an oklob plant summoner
  1508 | D        | Killed an oklob plant
  1508 | D        | Reached skill level 10 in Dodging
  1512 | D        | Killed an oklob plant summoner
  1518 | D        | Killed an oklob plant shifter
  1786 | D        | Noticed a spriggan rider
  1860 | D        | Bought a +2 robe of magic resistance for 194 gold pieces
  2111 | D        | Found Pajaemp's Gadget Shoppe.
  2112 | D        | Found Vappa's Armour Emporium.
  2116 | D        | Got a faintly glowing mace
  2120 | D        | Bought the +6 scale mail of Oggoghaj {rC+ Slay+3} for 848
                  | gold pieces
  2122 | D        | Bought a lightning rod (4/4) for 480 gold pieces
  2122 | D        | Bought a phial of floods for 480 gold pieces
  2204 | D        | Identified the +2 mace of Rareidd {pain, +Inv rElec rF++
                  | rN+} (You found it in the Dungeon)
  2207 | D        | Reached skill level 1 in Maces & Flails
  2207 | D        | Reached skill level 1 in Armour
  2224 | D        | Found Janauroj's Magic Scroll Emporium.
  2348 | D        | Found Zouz's Weapon Shoppe.
  2529 | D        | Noticed Agnes
  2531 | D        | Noticed a spriggan berserker
  2536 | D        | Killed a spriggan berserker
  2536 | D        | Reached skill level 5 in Maces & Flails
  2536 | D        | Reached XP level 11. HP: 115/115 MP: 20/20
  2536 | D        | Noticed a spriggan defender
  2537 | D        | Killed Agnes
  2539 | D        | Killed a spriggan defender
  2540 | D        | Found Citywne's Jewellery Emporium.
  2543 | D        | Found Sianaj's Weapon Shoppe.
  2553 | D        | Got a shimmering scale mail
  2565 | D        | Identified the +1 scale mail "Eklav" {rElec rPois Int+2
                  | Dex-2} (You found it in the Dungeon)
  2590 | D        | Noticed a spriggan rider
  2819 | D        | Noticed a ghost moth
  2919 | D        | Killed a ghost moth
  3266 | D        | Bought the +9 short sword "Ommakel" {flame, +Inv} for 644
                  | gold pieces
  3328 | D        | Found Xoell's Weapon Boutique.
  3328 | D        | Found Deshouza's Weapon Emporium.
  3328 | D        | Found Zomot's Armour Shoppe.
  3400 | D        | Noticed an oklob plant shifter
  3400 | D        | Noticed an oklob plant meteorologist
  3417 | D        | Killed an oklob plant meteorologist
  3714 | D        | Killed an oklob plant shifter
  3918 | D        | Noticed a spriggan rider
  3924 | D        | Killed a spriggan rider
  3924 | D        | Reached skill level 10 in Short Blades
  3924 | D        | Reached XP level 12. HP: 123/123 MP: 19/21
  4070 | D        | Bought a wand of clouds (7) for 396 gold pieces
  4070 | D        | Bought a wand of iceblast (7) for 132 gold pieces
  4177 | D        | Found Fuiket's Weapon Emporium.
  4178 | D        | Found Bayn's Jewellery Shop.
  4189 | D        | Noticed a spriggan berserker
  4196 | D        | Killed a spriggan berserker
  4654 | D        | Got a slimy tin amulet
  4656 | D        | Identified the amulet of Ibrir {Inacc rF+ rC+ Int+3} (You
                  | found it in the Dungeon)
  4682 | D        | Found Xedeiqo's Jewellery Shoppe.
  4682 | D        | Found Byugolecw's General Store.
  4682 | D        | Found Ujeck's Assorted Antiques.
  4683 | D        | Found Plog's General Store.
  4683 | D        | Found Abankube's General Store.
  4683 | D        | Found Gyhexai's Jewellery Shoppe.
  4683 | D        | Found Pafev's Antique Armour Shop.
  4683 | D        | Found Okkage's Antique Weapon Boutique.
  5740 | D        | Reached skill level 5 in Shields
  6372 | D        | Bought a ration for 50 gold pieces
  6822 | D        | Bought a +2 large shield of protection for 215 gold pieces
  6854 | D        | Noticed a spriggan defender
  6854 | D        | Noticed a spriggan defender
  6859 | D        | Killed a spriggan defender
  6860 | D        | Killed a spriggan defender
  6860 | D        | Reached skill level 10 in Shields
  6915 | D        | Gained mutation: You can use your snake-like lower body to
                  | constrict enemies. [Naga growth]
  6915 | D        | Reached XP level 13. HP: 108/130 MP: 23/23
  7137 | D        | Noticed a spriggan defender
  7144 | D        | Killed a spriggan defender
  7174 | D        | Noticed a ghost moth
  7190 | D        | Killed a ghost moth
  7233 | D        | Bought a +5 ring of slaying for 1478 gold pieces
  7359 | D        | Bought a +4 amulet of reflection for 297 gold pieces
  7443 | D        | Identified the +5 faerie dragon scales {rN+ rCorr}
  7443 | D        | Noticed the Enchantress
  7459 | D        | Killed the Enchantress
  7716 | D        | Bought a ration for 60 gold pieces
  7718 | D        | Bought a glowing hat for 182 gold pieces
  7870 | D        | Noticed a spriggan defender
  7872 | D        | Reached skill level 15 in Shields
  7880 | D        | Killed a spriggan defender
  7880 | D        | Reached skill level 10 in Armour
  7883 | D        | Noticed a spriggan defender
  7889 | D        | Killed a spriggan defender
  8010 | D        | Bought a potion of curing for 42 gold pieces
  8012 | D        | Bought an emerald potion for 21 gold pieces
  8013 | D        | Bought a scroll of identify for 24 gold pieces
  8077 | D        | Bought a scroll of identify for 26 gold pieces
  8140 | D        | Bought a ration for 60 gold pieces
  8255 | D        | Got the Orb of Zot
  8267 | D        | Noticed Kicaczare the pandemonium lord
  8299 | D        | Mangled by a large abomination

Levels and vault maps discovered:
D:        dungeon_sprint_fedhas [sprint_temple]

Skill      XL: |  1  2  3  4  5  6  7  8  9 10 11 12 13 |
---------------+----------------------------------------+-----
Throwing       | 2 |  2.4
Dodging        | 1 3 5 7 9 10 12 | 12.1
Stealth        | 6 8 9 13 16 | 16.0
Short Blades   | 4 5 10 12 | 12.0
Fighting       | 4 7 9 11 12 13 | 13.1
Shields        | 3 11 15 | 15.0
Evocations     | 3 6 8 10 12 14 | 14.4
Maces & Flails | 5 9 |  9.9
Armour         | 4 8 10 | 10.4

Action                   |  1- 3 |  4- 6 |  7- 9 | 10-12 | 13-15 || total
-------------------------+-------+-------+-------+-------+-------++-------
Melee: Dagger            |     3 |     6 |    38 |   122 |       ||   169
       Mace              |       |       |       |    41 |       ||    41
       Rapier            |       |       |       |    24 |       ||    24
       Short sword       |       |       |       |    37 |    92 ||   129
       Constrict         |       |       |       |       |     9 ||     9
 Fire: Blowgun           |     2 |       |       |    10 |     3 ||    15
       Longbow           |       |       |       |    58 |       ||    58
Invok: Potion Petition   |       |       |       |     2 |     1 ||     3
 Abil: Spit Poison       |     1 |       |       |     2 |     2 ||     5
       Evoke Invisibilit |       |     3 |     4 |     8 |     1 ||    16
Evoke: Lightning rod     |       |       |       |    27 |    14 ||    41
       Phial of floods   |       |       |       |     2 |     1 ||     3
       Wand              |       |       |       |       |     2 ||     2
  Use: Potion            |       |       |     2 |     1 |     1 ||     4
       Scroll            |       |       |       |     1 |     4 ||     5
 Stab: Sleeping          |     2 |     6 |     9 |     8 |     6 ||    31
       Invisible         |       |       |     6 |     8 |       ||    14
       Distracted        |       |       |     1 |       |     2 ||     3
  Eat: Ration            |       |       |     1 |     5 |     1 ||     7
Armor: Robe              |     1 |       |     1 |    13 |       ||    15
       Scale mail        |       |       |       |    68 |     8 ||    76
       Acid dragon scale |       |       |       |       |     9 ||     9
Dodge: Dodged            |       |       |    10 |   100 |    13 ||   123
Block: Buckler           |       |       |     4 |    33 |       ||    37
       Large shield      |       |       |       |       |    68 ||    68

Table legend:
 A = Non-vault XP
 B = Vault XP
 C = Vault XP percentage of total XP
 D = Non-vault monster count
 E = Vault monster count
 F = Vault count percentage of total count
                 A         B        C        D         E       F
            +---------+---------+-------+---------+---------+-------
      Total |    1567 |   49590 |  96.9 |       6 |      89 |  93.7
            +---------+---------+-------+---------+---------+-------
          D |    1567 |   49590 |  96.9 |       6 |      89 |  93.7
            +---------+---------+-------+---------+---------+-------
